AoeStats
← Zumoshi

Arabia

509592673Analyzed
1v1 RM · 6d ago on Sep 27, 2026· 61m 31s· 2 players
Game mode
Random Map
Map size
Tiny (2 player)
Population
200
Speed
Normal
Resources
Standard
Victory
Conquest
Starting age
Dark Age
Ending age
Imperial Age
RankedLock teamsTeams togetherTeam positionsShared explorationLock speedFull tech treeHidden civsTurbo modeCheats
Victory
Defeat
🇩🇪 Teutons · Germany
1167
+17
🇮🇱 Khitans · Israel
1178
-17
Warchief
9:43 Feudal Age
8:11 Loom
11:23 Double-Bit Axe
14:43 Forging
14:26 Fletching
21:05 Castle Age
20:24 Gold Mining
20:56 Bloodlines
22:19 Forging
22:16 Scale Barding Armor
25:10 Bow Saw
27:00 Pikeman
29:11 Stone Mining
33:18 Wheelbarrow
37:55 Imperial Age
36:00 Hand Cart
36:11 Scale Mail Armor
36:26 Squires
39:40 Chemistry
38:30 Town Watch
42:21 Bodkin Arrow
43:22 Conscription
43:37 Hoardings
44:33 Halberdier
47:05 Crenellations
46:54 Horse Collar
47:44 Chain Mail Armor
50:51 Elite Skirmisher
51:34 Padded Archer Armor
54:40 Cavalier
58:17 Masonry
58:13 Siege Engineers
58:41 Ballistics
60:07 Two-Man Saw
59:09 Heavy Plow
60:31 Paladin
Zumoshi
7:04 Loom
10:07 Feudal Age
12:04 Double-Bit Axe
11:50 Man-at-Arms
16:04 Fletching
16:37 Domestication
22:13 Castle Age
20:44 Gold Mining
23:49 Bow Saw
24:05 Scale Barding Armor
24:18 Forging
25:44 Chain Barding Armor
27:59 Husbandry
30:27 Iron Casting
31:47 Light Cavalry
32:46 Elite Skirmisher
37:46 Bodkin Arrow
38:00 Thumb Ring
38:59 Wheelbarrow
40:06 Padded Archer Armor
41:01 Pastoralism
47:18 Imperial Age
45:31 Leather Archer Armor
47:23 Lamellar Armor
48:12 Ordo Cavalry
49:56 Heavy Camel Rider
51:50 Ballistics
52:31 Chemistry
53:38 Bracer
54:15 Plate Barding Armor
54:47 Hussar
57:17 Ring Archer Armor
Connection lost

Rejoining the realm…

Still unreachable

The connection could not be restored.

Session expired

The server has moved on; the page needs a fresh start.